 Dungeon Crawl Stone Soup version 0.28.0-1-gb440e238dd (webtiles) character file.

Game seed: 2693494641477586315

39124 issech the Bludgeoner (level 13, -6/117 HPs)
             Began as a Troll Monk on Feb 21, 2022.
             Was a High Priest of Hepliaklqana.
             Mangled by a deep elf blademaster (18 damage)
             ... on level 2 of the Elven Halls.
             The game lasted 01:21:37 (14092 turns).

issech the Bludgeoner (Troll Monk)                 Turns: 14092, Time: 01:21:39

Health: -6/117     AC: 13    Str: 30    XL:     13   Next: 67%
Magic:  12/12      EV: 13    Int:  6    God:    Hepliaklqana [*****.]
Gold:   2216       SH:  5    Dex: 22    Spells: 12/12 levels left

rFire   . . .      SeeInvis .   y - +4 giant spiked club (spect)
rCold   . . .      Faith    .   (shield currently unavailable)
rNeg    . . .      Spirit   .   T - +1 swamp dragon scales
rPois   +          Reflect  +   (helmet restricted)
rElec   .          Harm     .   p - +0 cloak
rCorr   .          Rampage  .   (gloves unavailable)
Will    .....                   (boots unavailable)
Stlth   ++........              g - amulet of reflection
HPRegen 1.09/turn               S - +6 ring of dexterity
MPRegen 0.13/turn               u - +6 ring of strength

@: no status effects
A: reduced essence, large, unfitting armour, claws 3, regeneration 1, shaggy fur
1, tough skin 1, antennae 1, strong 1
a: Renounce Religion, Recall Ancestor, Ancestor Identity, Transference, Idealise


You were on level 2 of the Elven Halls.
You worshipped Hepliaklqana.
Hepliaklqana was extremely pleased with you.
You visited 4 branches of the dungeon, and saw 16 of its levels.
You also visited: Bailey.

You collected 2248 gold pieces.
You spent 32 gold pieces at shops.

Inventory:

Hand Weapons
 j - a +4 vorpal great mace
 y - a +4 spectral giant spiked club (weapon)
 G - a +2 morningstar of freezing
 H - a +3 flail of electrocution
 R - a +1 antimagic whip
 Z - a +4 vorpal mace
Missiles
 c - 76 bolts
 e - 322 stones
 k - 292 arrows
 C - 38 poisoned darts
 F - 49 sling bullets
 K - 8 large rocks (quivered)
 L - 2 javelins
 O - 53 boomerangs
 P - 14 throwing nets
Armour
 p - a +0 cloak (worn)
 E - a +1 robe of the Archmagi
 M - a +0 robe of fire resistance
 T - +1 swamp dragon scales (worn)
 X - a +0 troll leather armour
Jewellery
 g - an amulet of reflection (around neck)
 l - a ring of wizardry
 n - a ring of magical power
 q - a ring of positive energy
 t - a ring of resist corrosion
 u - a +6 ring of strength (right claw)
 z - an amulet of magic regeneration
 B - a ring of resist corrosion
 J - a ring of flight
 S - a +6 ring of dexterity (left claw)
 W - a ring of willpower
Wands
 a - a wand of flame (15)
 b - a wand of acid (9)
 i - a wand of polymorph (10)
 D - a wand of charming (3)
 V - a wand of iceblast (12)
Scrolls
 d - 3 scrolls of teleportation
 o - 3 scrolls of immolation
 r - 2 scrolls of brand weapon
 w - a scroll of vulnerability
 N - 2 scrolls of fog
 Q - 2 scrolls of blinking
 U - 2 scrolls of holy word
Potions
 f - 6 potions of mutation
 h - 2 potions of flight
 m - 7 potions of curing
 s - 3 potions of degeneration
 v - 2 potions of might {unknown}
 x - a potion of lignification {unknown}
 A - 3 potions of attraction {unknown}
 I - a potion of heal wounds
 Y - a potion of resistance {unknown}


   Skills:
 + Level 8.8 Fighting
 + Level 15.7 Maces & Flails
 + Level 1.3 Throwing
 + Level 6.0 Armour
 + Level 6.9 Dodging
 + Level 4.1 Stealth
 + Level 4.5 Shields


You had 12 spell levels left.
You didn't know any spells.
Your spell library contained the following spells:

 Spells                   Type           Power      Damage    Failure   Level
 Slow                     Hex            0%         N/A       56%         1
 Sublimation of Blood     Necr           0%         N/A       71%         2
 Wereblood                Tmut           0%         N/A       71%         2
 Gell's Gravitas          Tloc           0%         N/A       90%         3
 Summon Guardian Golem    Hex/Summ       0%         N/A       90%         3
 Teleport Other           Tloc           0%         N/A       90%         3
 Tukima's Dance           Hex            0%         N/A       90%         3
 Passage of Golubria      Tloc           0%         N/A       100%        4
 Fireball                 Conj/Fire      0%         3d3       100%        5
 Yara's Violent Unravell  Hex/Tmut       0%         3d3       100%        5
 Dispersal                Tloc           0%         N/A       100%        6
 Starburst                Conj/Fire      0%         6d3       100%        6
 Orb of Destruction       Conj           0%         9d5       100%        7
 Spellforged Servitor     Conj/Summ      0%         N/A       100%        7
 Summon Hydra             Summ           0%         N/A       100%        7
 Ignition                 Fire           0%         3d3       100%        8


Dungeon Overview and Level Annotations

Branches:
Dungeon (11/15)            Temple (1/1) D:4            Lair (0/6) D:11
    Orc (2/2) D:9             Elf (1/3) Orc:2        Bailey (visited)

Altars:
Ashenzari
Cheibriados
Dithmenos
Elyvilon
Fedhas
Gozag
Hepliaklqana
Kikubaaqudgha
Makhleb
Nemelex Xobeh
Okawaru
Qazlal
Ru
Sif Muna
Trog
Uskayaw
Vehumet
Wu Jian
Xom
Yredelemnul
Zin
The Shining One
Beogh

Shops:
D:10 *   Orc:1 :   Orc:2 [*[=(

Annotations:
Elf:2 3 runed translucent doors


Innate Abilities, Weirdness & Mutations

Your life essence is reduced to manifest your ancestor. (-10% HP)
You are too large for most types of armour.
You have claws for hands.
Your natural rate of healing is unusually fast.
You are covered in fur. (AC +1)
You have tough skin. (AC +1)
You have a pair of small antennae on your head.
Your muscles are strong. (Str +2)


Message History

The large rock misses the deep elf blademaster.
A +4 short sword of venom comes into view.
The deep elf blademaster hits you with a +0 rapier!
* * * LOW HITPOINT WARNING * * *
The deep elf blademaster barely misses you.
You block the deep elf blademaster's attack. x2
The deep elf blademaster hits you but does no damage.
The deep elf blademaster hits you with a +0 rapier.
* * * LOW HITPOINT WARNING * * *
You beat the +4 short sword of venom like a drum!!!
The +4 short sword of venom falls from the air.
The deep elf blademaster barely misses you.
The deep elf blademaster hits you with a +0 rapier.
* * * LOW HITPOINT WARNING * * *
The deep elf blademaster barely misses you.
You block the deep elf blademaster's attack.
Your Armour skill increases to level 6!
You see here a +4 short sword of venom.
You miss the deep elf blademaster.
The deep elf blademaster is heavily wounded.
Your +4 spectral giant spiked club barely misses the deep elf blademaster.
The deep elf blademaster barely misses you.
The deep elf blademaster closely misses you.
The deep elf blademaster hits you but does no damage.
The deep elf blademaster misses you.
You miss the deep elf blademaster.
The deep elf blademaster is heavily wounded.
Your +4 spectral giant spiked club completely misses the deep elf blademaster.
The deep elf blademaster misses you.
The deep elf blademaster hits you with a +0 rapier.
* * * LOW HITPOINT WARNING * * *
Unknown command.
You feel much better.
You block the deep elf blademaster's attack.
The deep elf blademaster hits you with a +0 rapier.
* * * LOW HITPOINT WARNING * * *
The deep elf blademaster hits you with a +0 rapier!
* * * LOW HITPOINT WARNING * * *
The deep elf blademaster hits you with a +0 rapier!!
You die...

....## ##......# ## ###
##... .....# #.......#
... ....## ##......## ##
..### ### ###.....###.##
.## ##.## ##.......... .#
#...# #.......... .##
##...## ##..........
..###.....###)..........
.....(.)....)..e@.......
....)).........ยง........
.....)^....)............
...#.......#.......#....
..###.....###.....###...
.## ##...## ##...## #..
## ##### ##### ##


You could see a deep elf blademaster.

Vanquished Creatures
  Harold (D:8)
  Erolcha (D:9)
  A two-headed ogre (D:11)
  7 dancing weapons
  3 orc high priests (Orc:2)
  A deep elf knight (Elf:2)
  7 deep elf zephyrmancers (Elf:1)
  12 deep elf pyromancers
  6 orc knights
  5 orc sorcerers (Orc:2)
  A cyclops (D:11)
  A manticore (D:11)
  5 centaur zombies
  Maggie (D:7)
  A kobold demonologist (D:10)
  A komodo dragon (D:10)
  6 trolls
  A shadow (D:9)
  3 water elementals (D:11)
  4 yaks
  2 wargs (D:9)
  An acid dragon (D:11)
  22 orc warriors
  An ice beast (D:5)
  A hornet zombie (D:9)
  2 black bears
  2 wolves (D:7)
  6 ogres
  A phantom (D:6)
  4 centaurs
  4 kobold brigands
  5 bullfrogs
  An earth elemental (Elf:1)
  3 gnoll sergeants
  A scorpion (D:6)
  A water moccasin skeleton (D:4)
  3 killer bees
  10 wights
  An electric eel (D:11)
  2 howler monkeys (D:10)
  8 hounds
  A centaur skeleton (D:7)
  11 orc priests
  2 bullfrog skeletons (D:7)
  3 gnoll shamans
  An iguana (D:5)
  22 orc wizards
  A hound zombie (D:5)
  A hound skeleton (D:4)
  31 gnolls
  7 adders
  A white imp (D:5)
  38 orcs
  8 endoplasms (D:3)
  3 giant cockroaches
  10 goblins
  7 hobgoblins
  17 jackals
  8 ball pythons
  3 bats
  4 frilled lizards
  18 kobolds
  4 rats
  A fungus (D:11)
  A plant (D:11)
352 creatures vanquished.

Vanquished Creatures (collateral kills)
  An orc warlord (Orc:2)
  An orc high priest (Orc:2)
  A deep elf knight (Elf:2)
  A deep elf pyromancer (Elf:1)
  A cyclops (D:11)
  Maurice (D:8)
  A kobold demonologist (D:10)
  A troll (D:11)
  Prince Ribbit (D:8)
  A yak (D:10)
  2 wargs
  3 black bears
  9 orc warriors
  A necrophage (D:4)
  2 ogres
  A centaur (D:5)
  2 bullfrogs
  A gnoll sergeant (D:7)
  3 killer bees
  3 wights
  2 electric eels (D:11)
  A hound (D:5)
  2 orc priests
  2 gnoll shamans
  5 orc wizards
  14 gnolls
  An adder (D:5)
  An ufetubus (D:5)
  An adder skeleton (D:4)
  9 orcs
  4 goblins
  2 hobgoblins
  7 jackals
  14 kobolds
  A quokka (D:4)
  A fungus (D:11)
104 creatures vanquished.

Vanquished Creatures (others)
  12 battlemagi
  7 fungi (D:11)
  13 plants
32 creatures vanquished.

Grand Total: 488 creatures vanquished

Notes
Turn   | Place    | Note
-------+----------+-------------------------------------------
     0 | D:1      | issech the Troll Monk began the quest for the Orb.
     0 | D:1      | Reached XP level 1. HP: 22/22 MP: 0/0
   169 | D:1      | Found a faded altar of an unknown god.
   180 | D:1      | Got Plato's Papyrus of Beguiling
   331 | D:1      | Reached XP level 2. HP: 29/29 MP: 1/1
   775 | D:2      | Reached skill level 3 in Maces & Flails
   836 | D:2      | Reached XP level 3. HP: 36/36 MP: 2/2
  1086 | D:2      | Reached XP level 4. HP: 24/45 MP: 3/3
  2398 | D:4      | Reached XP level 5. HP: 40/53 MP: 4/4
  2488 | D:4      | Reached skill level 4 in Maces & Flails
  2515 | D:4      | HP: 2/53 [hound (5)]
  2518 | D:4      | Reached XP level 6. HP: 5/61 MP: 5/5
  2577 | D:4      | Found a staircase to the Ecumenical Temple.
  2592 | Temple   | Entered the Ecumenical Temple
  2867 | Temple   | Became a worshipper of Hepliaklqana the Forgotten
  2867 | Temple   | Reached * piety under Hepliaklqana
  2867 | Temple   | Reached ** piety under Hepliaklqana
  2868 | Temple   | Remembered your ancestor Sunngifu as a battlemage
  2952 | D:4      | Reached skill level 1 in Shields
  3294 | D:4      | Reached skill level 5 in Maces & Flails
  3294 | D:4      | Reached XP level 7. HP: 38/61 MP: 6/6
  3591 | D:5      | Entered Level 5 of the Dungeon
  3644 | D:5      | Identified 2 scrolls of acquirement
  3644 | D:5      | Acquired a +3 spectral giant spiked club
  3651 | D:5      | Acquired 1031 gold pieces
  4016 | D:5      | Reached skill level 6 in Maces & Flails
  4034 | D:5      | Reached XP level 8. HP: 71/71 MP: 7/7
  4562 | D:6      | Reached skill level 7 in Maces & Flails
  4670 | D:6      | Reached skill level 5 in Fighting
  4849 | D:6      | Reached *** piety under Hepliaklqana
  4979 | D:6      | Identified the +0 ring mail "Amacziud" {-Tele +Inv Will++
                  | Dex+4}
  5036 | D:6      | Reached XP level 9. HP: 77/79 MP: 8/8
  5418 | D:6      | Reached skill level 8 in Maces & Flails
  5428 | D:6      | Reached skill level 5 in Dodging
  5739 | D:7      | Noticed Maggie
  5741 | D:7      | Reached skill level 9 in Maces & Flails
  6268 | D:7      | Killed Maggie
  6269 | D:7      | Reached XP level 10. HP: 83/88 MP: 9/9
  6399 | D:7      | Reached skill level 10 in Maces & Flails
  6591 | D:8      | Noticed Maurice
  6599 | D:8      | Killed Maurice
  6753 | D:8      | Reached **** piety under Hepliaklqana
  6871 | D:8      | Noticed Prince Ribbit
  6880 | D:8      | Killed Prince Ribbit
  7079 | D:8      | Gained mutation: You are clumsy. (Dex -2) [potion of
                  | mutation]
  7079 | D:8      | Gained mutation: You tend to lose your temper in combat.
                  | [potion of mutation]
  7080 | D:8      | Lost mutation: You tend to lose your temper in combat.
                  | [potion of mutation]
  7080 | D:8      | Lost mutation: You are clumsy. (Dex -2) [potion of
                  | mutation]
  7080 | D:8      | Gained mutation: You tend to lose your temper in combat.
                  | [potion of mutation]
  7080 | D:8      | Gained mutation: Your spells are a little easier to cast,
                  | but a little less powerful. [potion of mutation]
  7081 | D:8      | Lost mutation: You tend to lose your temper in combat.
                  | [potion of mutation]
  7081 | D:8      | Lost mutation: Your spells are a little easier to cast, but
                  | a little less powerful. [potion of mutation]
  7081 | D:8      | Gained mutation: You have a pair of small antennae on your
                  | head. [potion of mutation]
  7081 | D:8      | Gained mutation: Your muscles are strong. (Str +2) [potion
                  | of mutation]
  7407 | D:8      | Noticed Harold
  7413 | D:8      | Killed Harold
  7474 | D:9      | Found a flagged portal.
  7481 | D:9      | Reached skill level 1 in Armour
  7497 | Bailey   | Entered a bailey
  7532 | Bailey   | Noticed an orc knight
  7539 | Bailey   | Killed an orc knight
  7540 | Bailey   | Reached skill level 11 in Maces & Flails
  7573 | Bailey   | Identified the +1 leather armour "Pelyu" {+Blink rElec
                  | Will- Str+2}
  7991 | D:9      | Found a bloodstained altar of Trog.
  8164 | D:9      | Noticed Erolcha
  8172 | D:9      | Killed Erolcha
  8173 | D:9      | Reached XP level 11. HP: 60/96 MP: 10/10
  8570 | D:9      | Found a staircase to the Orcish Mines.
  8851 | D:10     | Entered Level 10 of the Dungeon
  8904 | D:10     | Reached ***** piety under Hepliaklqana
  9195 | D:10     | Reached skill level 12 in Maces & Flails
  9290 | D:10     | Found Fomiroel's General Store.
 10058 | D:11     | Noticed a two-headed ogre
 10077 | D:11     | Killed a two-headed ogre
 10138 | D:11     | Found a staircase to the Lair.
 11173 | Orc:1    | Entered Level 1 of the Orcish Mines
 11173 | Orc:1    | Noticed an orc knight
 11227 | D:9      | Killed an orc knight
 11228 | D:9      | Reached skill level 13 in Maces & Flails
 11229 | D:9      | Reached XP level 12. HP: 89/106 MP: 11/11
 11255 | Orc:1    | Found Vutwucet's Book Emporium.
 11575 | Orc:2    | Entered Level 2 of the Orcish Mines
 11727 | Orc:2    | Found a staircase to the Elven Halls.
 11727 | Orc:2    | Found Bopescheano's Armour Shop.
 11988 | Orc:2    | Noticed an orc high priest
 11989 | Orc:2    | Noticed an orc high priest
 11992 | Orc:2    | Noticed an orc warlord
 12040 | Orc:2    | Killed an orc high priest
 12054 | Orc:2    | Killed an orc warlord
 12344 | Orc:2    | Noticed an orc high priest
 12389 | Orc:2    | Killed an orc high priest
 12390 | Orc:2    | Reached skill level 14 in Maces & Flails
 12589 | Orc:2    | Killed an orc high priest
 12627 | Orc:2    | Noticed an orc high priest
 12633 | Orc:2    | Killed an orc high priest
 12634 | Orc:2    | Reached skill level 5 in Armour
 12825 | Orc:2    | Found Yne Tef's Antique Armour Boutique.
 12826 | Orc:2    | Found Pumeze's Antique Weapon Shop.
 12828 | Orc:2    | Found Ogehop's General Store.
 12828 | Orc:2    | Found Ihuuri's Jewellery Boutique.
 12898 | Orc:2    | Bought a scroll of identify for 32 gold pieces
 12979 | Elf:1    | Entered Level 1 of the Elven Halls
 12987 | Elf:1    | Reached XP level 13. HP: 96/114 MP: 12/12
 13344 | Elf:1    | Reached skill level 15 in Maces & Flails
 13413 | Elf:1    | Reached skill level 1 in Throwing
 13717 | Elf:1    | You fall into a shaft and drop 1 floor!
 13717 | Elf:2    | Found a runed translucent gate.
 13718 | Elf:2    | Found a runed translucent gate.
 13718 | Elf:2    | Found a runed translucent gate.
 13720 | Elf:2    | Noticed a deep elf blademaster
 14091 | Elf:2    | HP: 4/117 [deep elf blademaster (6)]
 14092 | Elf:2    | Mangled by a deep elf blademaster

Illustrated notes

Levels and vault maps discovered:
D:1:      shiori_arrival_elements, layout_loops_ring,
          shapermc_ecumenical_altar_rom_forum, serial_park_tiny_1
D:2:      layout_basic
D:3:      layout_loops_ring
D:4:      layout_loops_cross, minmay_temple_entry_proselytizer
D:5:      layout_basic, guppyfry_early_lair_pool
D:6:      layout_basic, eino_curves_02, minmay_door_square
D:7:      layout_cave_pools, serial_gnoll_camp, gnoll_camp_mini_hut,
          gnoll_camp_mini_hut, gnoll_camp_mini_loothouse,
          gnoll_camp_mini_doghouse, gnoll_camp_huts_moat, gnoll_camp_medium_02,
          uniq_maggie
D:8:      layout_gridville, uniq_prince_ribbit1, uniq_maurice, uniq_harold
D:9:      layout_basic, lemuel_crystal_altar, minmay_orc_entry_guard_dogs,
          enter_bailey_5, uniq_erolcha
D:10:     layout_layer_cave, serial_shops, shop
D:11:     layout_basic, grunt_lair_entry_orc_guard_hut
Temple:   regret_index_temple_sigil_plot
Orc:1:    layout_diamond_mine, serial_shops, shop, hangedman_feature_mirror,
          minmay_shop_mass
Orc:2:    st_orc_congregation, layout_caves, serial_shops, nicolae_shop_trees,
          guppyfry_library_mini
Elf:1:    nicolae_elf_arrival_fired_up, layout_geoelf_grid, serial_shops,
          nicolae_shop_crystal, minmay_elf_sorcery, nicolae_shop_dragon_depot,
          uniq_jorgrun
Elf:2:    nicolae_elf_blades_crystal_corner, layout_geoelf_diagonals,
          serial_shops, nicolae_lakefront_shop,
          nicolae_shop_temple_entry_statues_fountains, nicolae_stop_n_shop_2

Skill      XL: |  1  2  3  4  5  6  7  8  9 10 11 12 13 |
---------------+----------------------------------------+-----
Maces & Flails | 3 4 5 6 7 9 11 13 14 15 | 15.7
Fighting       | 3 4 5 6 7 8 |  8.8
Dodging        | 3 4 5 6 |  6.9
Shields        | 1 2 3 4 |  4.5
Stealth        | 2 3 4 |  4.1
Armour         | 1 3 5 6 |  6.0
Throwing       | 1 |  1.3

Action                   |  1- 3 |  4- 6 |  7- 9 | 10-12 | 13-15 || total
-------------------------+-------+-------+-------+-------+-------++-------
Melee: Mace              |    89 |   194 |     4 |       |       ||   287
       Punch             |     2 |     2 |     1 |       |       ||     5
       Giant spiked club |       |       |   134 |   336 |    63 ||   533
       Morningstar       |       |       |     1 |       |       ||     1
Throw: Stone             |     2 |       |     3 |       |       ||     5
       Large rock        |       |       |       |       |     3 ||     3
Invok: Ancestor Life: Ba |       |     1 |       |       |       ||     1
       Recall Ancestor   |       |       |       |       |     1 ||     1
  Use: Scroll            |       |       |     3 |    18 |     3 ||    24
       Potion            |       |       |       |     3 |     1 ||     4
 Stab: Sleeping          |     1 |     2 |     2 |     3 |       ||     8
       Distracted        |       |       |     2 |     8 |     1 ||    11
Armor: Robe              |    26 |    69 |    23 |     1 |       ||   119
       Swamp dragon scal |       |       |       |   108 |    15 ||   123
Dodge: Dodged            |    55 |   105 |    80 |   208 |    29 ||   477
Block: Other             |    13 |    45 |    44 |    73 |    12 ||   187
       Reflection        |       |       |     8 |     9 |       ||    17
